 Dungeon Crawl Stone Soup version 0.31-a0-187-gba352fbbf7 (webtiles) character file.

Game seed: 8317874209785709537

16 Gorgondantess the Firebug (level 2, 15/15 HPs)
             Began as a Tengu Fire Elementalist on June 22, 2023.
             Was a Follower of Trog.
             Got out of the dungeon alive.
             The game lasted 00:01:27 (418 turns).

Gorgondantess the Firebug (Tengu Fire Elementalist)  Turns: 418, Time: 00:01:28

Health: 15/15      AC:  3    Str:  8    XL:     2   Next: 54%
Magic:  6/6        EV: 12    Int: 15    God:    Trog [*.....]
Gold:   30         SH:  0    Dex: 14    Spells: 2/5 levels left

rFire   . . .        d - +0 dagger
rCold   . . .        (no shield)
rNeg    . . .        a - +0 robe
rPois   .            (helmet restricted)
rElec   .            (no cloak)
rCorr   .            c - +0 pair of gloves
SInv    .            (boots unavailable)
Will    .....        (no amulet)
Stlth   ++           (no ring)
HPRegen 0.22/turn    (no ring)
MPRegen 0.10/turn

%: no passive effects
@: no status effects
A: beak, talons 3
a: Renounce Religion, Berserk


You escaped.
You worshipped Trog.
Trog was aware of your devotion.
You visited 1 branch of the dungeon, and saw 1 of its levels.

You collected 30 gold pieces.

Inventory:

Hand Weapons
 d - a +0 dagger (weapon)
Missiles
 f - 2 poisoned darts
Armour
 a - a +0 robe (worn)
 c - a +0 pair of gloves (worn)
Scrolls
 e - a scroll of fear {unknown}
 g - a scroll of identify {unknown}
Potions
 b - a potion of magic


   Skills:
 - Level 2.1 Dodging
 - Level 2.0 Stealth
 - Level 2.2 Spellcasting
 - Level 2.1 Conjurations
 - Level 3.7 Fire Magic


You had 2 spell levels left.
You knew the following spells:

 Your Spells              Type           Power      Damage    Failure   Level
a - Foxfire               Conj/Fire      40%        2x1d6     7%          1
b - Scorch                Fire           24%        2d6       7%          2

Your spell library contained the following spells:

 Spells                   Type           Power      Damage    Failure   Level
 Inner Flame              Hex/Fire       7%         N/A       30%         3
 Volatile Blastmotes      Fire/Tloc      14%        2d11      30%         3
 Flame Wave               Conj/Fire      10%        2d6       54%         4


Dungeon Overview and Level Annotations

Branches:
Dungeon (1/15)

Altars:
Trog


Innate Abilities, Weirdness & Mutations

You have a beak for a mouth.
You have claws for feet.


Message History

Your foxfire dissipates!
Found 2 poisoned darts.
You see here 2 poisoned darts.
f - 2 poisoned darts You now have 30 gold pieces (gained 5).
g - a scroll labelled GIWASH CALA An endoplasm comes into view.
You miscast Foxfire.
You are very lightly contaminated with residual magic.
Nothing appears to happen.
The endoplasm quivers.
You miscast Foxfire.
Nothing appears to happen.
You conjure some foxfire!
The foxfire hits the endoplasm.
The endoplasm is lightly wounded.
Casting: Foxfire (safe; 7% risk of failure)
Confirm with . or Enter, or press ? or * to list all spells.
Flames lash the endoplasm.
You kill the endoplasm!
Unknown command.
Your foxfire dissipates!
Your magical contamination has completely faded away.
An endoplasm comes into view.
You conjure some foxfire!
The endoplasm quivers.
The foxfire hits the endoplasm.
The endoplasm is almost dead.
You conjure some foxfire!
The foxfire hits the endoplasm.
You kill the endoplasm!
Found a faded altar of an unknown god.
Found 4 gold pieces.
There is a faded altar of an unknown god here.
This altar belongs to (a) Hepliaklqana, (b) Xom or (c) Trog, but you can't tell which.
Press the corresponding letter to learn more about a god, or press enter to convert or escape to cancel.
Trog accepts your prayer! Trog welcomes you!
You can now go berserk at will.
Unknown command.
Press < or > to pray at altars.
There is a staircase leading out of the dungeon here.
Are you sure you want to leave the Dungeon?
This will make you lose the game!
You have escaped!

#........ ###
......... .>.
.^....... #######
#.# ^_$#####
#.....#### #.# ...#
#..⌠.....###.# ...#
## ##.........##.#
...#
....#......#....#.#
...#
...........###..#.#
.... ...[.#..@..#
##...# #.###
#..........###..#.#
..#
....#......#....#.#
###.##
######.........##.#
.....
..#..⌠.....##..#
###.###
#.#.....#####.##
###.....#
##.#########...#
.........
...........#.###
........#
#.#.........#


There were no monsters in sight!

Vanquished Creatures
  2 dart slugs (D:1)
  A ball python (D:1)
  5 endoplasms (D:1)
  A goblin (D:1)
  A frilled lizard (D:1)
10 creatures vanquished.

Vanquished Creatures (others)
  28 foxfires (D:1)
28 creatures vanquished.

Grand Total: 38 creatures vanquished

Notes
Turn   | Place    | Note
-------+----------+-------------------------------------------
     0 | D:1      | Gorgondantess the Tengu Fire Elementalist began the quest
                  | for the Orb.
     0 | D:1      | Reached XP level 1. HP: 10/10 MP: 4/4
   114 | D:1      | Reached XP level 2. HP: 15/15 MP: 4/6
   117 | D:1      | Learned a level 2 spell: Scorch
   350 | D:1      | Found a faded altar of an unknown god.
   358 | D:1      | Prayed at the altar of an unknown god.
   358 | D:1      | Became a worshipper of Trog the Wrathful
   358 | D:1      | Reached * piety under Trog
   418 | D:$      | Got out of the dungeon alive.

Illustrated notes

Levels and vault maps discovered:
D:1:      dpeg_arrival_arbitrary_c, layout_basic, ebering_ecumenical_altar_webs,
          amcnicky_mini_rare_corridor_liquid

Skill      XL: |  1  2 |
---------------+-------+-----
Conjurations   | 2 |  2.1
Dodging        | |  2.1
Stealth        | |  2.0
Spellcasting   | |  2.2
Fire Magic     | |  3.7

Action                     || total
---------------------------++-------
  Melee: Dagger            ||     1
         Kick              ||     1
         Peck              ||     1
   Cast: Foxfire           ||    16
         Scorch            ||     1
  Dodge: Dodged            ||     1

Table legend: (Time is in decaauts)
 A = Elapsed time spent in this place.
 B = Non-inter-level travel time spent in this place.
 C = Inter-level travel time spent in this place.
 D = Time resting spent in this place.
 E = Time spent auto-exploring this place.
 F = Levels seen in this place.
 G = Mean time per level.
                   A        B        C        D        E       F      G
               +--------+--------+--------+--------+--------+-----+--------+
         Total |    417 |    359 |     58 |      0 |    266 |   1 |  417.0 |
       Dungeon |    417 |    359 |     58 |      0 |    266 |   1 |  417.0 |
               +--------+--------+--------+--------+--------+-----+--------+

Top non-repeatable levels by time:
     D:1: 417 daAuts
